 Dungeon Crawl Stone Soup version 0.31-a0-620-gd1cbd99268 (webtiles) character file.

Game seed: 3439042942280734329

2373 Maratek the Shield-Bearer (level 9, -1/111 HPs)
             Began as a Gnoll Fighter on Aug 23, 2023.
             Was an Elder of Trog.
             Succumbed to a hornet's poison
             ... on level 7 of the Dungeon.
             The game lasted 00:15:54 (6752 turns).

Maratek the Shield-Bearer (Gnoll Fighter)           Turns: 6752, Time: 00:15:54

Health: -1/111     AC:  8    Str: 31    XL:     9   Next: 45%
Magic:  15/15      EV: 14    Int:  8    God:    Trog [****..]
Gold:   20         SH:  7    Dex: 21    Spells: 16/16 levels left

rFire   + . .        a - +0 war axe (freeze)
rCold   . . .        c - +0 buckler
rNeg    . . .        m - +3 leather armour of the Hall of Blades {Drain Str+6 Dex+3 Slay+5}
rPois   .            (no helmet)
rElec   .            r - +0 cloak
rCorr   .            (no gloves)
SInv    .            (no boots)
Will    .....        u - amulet of regeneration Stlth
                     f - ring of protection from fire
HPRegen 1.18/turn    b - ring of the Durable Mango {Drain Str+6 Dex+6}
MPRegen 0.14/turn

%: no passive effects
@: berserking (expiring), lethally poisoned (-1 -> -5), slowed
A: fangs 1, strong nose, distributed training
a: Renounce Religion, Berserk, Trog's Hand, Brothers in Arms


You were on level 7 of the Dungeon.
You worshipped Trog.
Trog was greatly pleased with you.
You visited 1 branch of the dungeon, and saw 7 of its levels.

You collected 1253 gold pieces.
You spent 1233 gold pieces at shops.

Inventory:

Hand Weapons
 a - a +0 war axe of freezing (weapon)
Armour
 c - a +0 buckler (worn)
 m - the +3 leather armour of the Hall of Blades (worn) {Drain Str+6 Dex+3 Slay+5}
   (You bought it in a shop on level 5 of the Dungeon)

   Str+6:     It affects your strength (+6).
   Dex+3:     It affects your dexterity (+3).
   Slay+5:    It affects your accuracy & damage with ranged weapons and melee
   (+5).
   Drain:     It drains your maximum health when unequipped.
 r - a +0 cloak (worn)
Jewellery
 b - the ring of the Durable Mango (right hand) {Drain Str+6 Dex+6}
   (You bought it in a shop on level 5 of the Dungeon)

   [ring of strength]

   Str+6:     It affects your strength (+6).
   Dex+6:     It affects your dexterity (+6).
   Drain:     It drains your maximum health when unequipped.
 f - a ring of protection from fire (left hand)
 u - an amulet of regeneration (around neck)
Wands
 q - a wand of mindburst (11)
 z - a wand of flame (24)
Scrolls
 l - a scroll of teleportation
 s - a scroll of enchant armour {unknown}
Potions
 d - 2 potions of might
 e - 2 potions of enlightenment {unknown}
 g - a potion of magic {unknown}
 h - a potion of brilliance {unknown}
 i - 2 potions of lignification {unknown}
 j - 4 potions of invisibility
 k - 3 potions of haste {unknown}
 n - 5 potions of heal wounds {unknown}
 o - a potion of curing {unknown}
 p - a potion of mutation {unknown}
 v - a potion of attraction {unknown}
 x - 2 potions of degeneration {unknown}


   Skills:
 + Level 7.9 Fighting
 + Level 4.3 Short Blades
 + Level 4.3 Long Blades
 + Level 6.4 Axes
 + Level 4.3 Maces & Flails
 + Level 4.3 Polearms
 + Level 4.3 Staves
 + Level 4.3 Ranged Weapons
 + Level 4.3 Throwing
 + Level 7.9 Armour
 + Level 4.3 Dodging
 + Level 4.3 Stealth
 + Level 7.9 Shields
 + Level 4.3 Unarmed Combat
 + Level 4.3 Spellcasting
 + Level 3.5 Conjurations
 + Level 3.5 Hexes
 + Level 3.5 Summonings
 + Level 3.5 Necromancy
 + Level 3.5 Translocations
 + Level 3.5 Transmutations
 + Level 3.5 Fire Magic
 + Level 3.5 Ice Magic
 + Level 3.5 Air Magic
 + Level 3.5 Earth Magic
 + Level 3.5 Poison Magic
 + Level 4.8 Invocations
 + Level 4.3 Evocations
 + Level 3.9 Shapeshifting


You had 16 spell levels left.
You didn't know any spells.
Your spell library was empty.

Dungeon Overview and Level Annotations

Branches:
Dungeon (7/15)             Temple (0/1) D:6

Altars:
Cheibriados
Elyvilon
Trog
Uskayaw
Wu Jian
Xom

Shops:
D:3 :=:=*   D:5 [(=:=   D:6 [

Annotations:
D:5 3 runed translucent doors, rinqtmith's ghost, novice TrFi


Innate Abilities, Weirdness & Mutations

You have very sharp teeth.
Your uncanny sense of smell can sniff out nearby items.
Your experience applies equally to all skills.


Message History

The hornet is almost dead.
You feel very sick. The hornet stings you!
You are more poisoned.
You suddenly lose the ability to move!
The hornet stings you but does no damage.
The hornet stings you.
You feel as though you will be slow longer.
You can move again.
You hit the hornet. You freeze the hornet.
The hornet is almost dead.
You feel very sick. The hornet stings you.
* * * LOW HITPOINT WARNING * * *
You are more poisoned.
You shrug off the repeated paralysis!
You block the hornet's attack.
A red film seems to cover your vision as you go berserk!
You feel yourself moving faster!
You feel mighty!
You feel extremely sick.
The hornet stings you but does no damage.
The hornet stings you.
* * * LOW HITPOINT WARNING * * *
You feel as though you will be slow longer.
The hornet stings you.
* * * LOW HITPOINT WARNING * * *
You are lethally poisoned!
You feel as though you will be slow longer.
You slash the hornet! You freeze the hornet.
You kill the hornet!
Trog accepts your kill.
* * * LOW HITPOINT WARNING * * *
You feel very sick.
* * * LOW HITPOINT WARNING * * *
You feel very sick.
You see here a hornet corpse.
There is a lethal amount of poison in your body!
You feel a strong urge to attack something.
* * * LOW HITPOINT WARNING * * *
You feel very sick.
You die...

#.##......#
#.......<
#########.##.######
.###.#.#
#..........#.#
#.#.#
#.#######..#.#
#.#.# #.# ##..#.#
#.... #.# #.....##
#.#.. #.# #......#
#.... #.#
#<#.##.#########
##.#.) #.#
#.#...†.@.......
#..... #.#
#.####.#########
#.##.. #.# #.# #.#
#######.####
#.######.. ...
##...........
#.....#### ##.#
#..##'#####..
#####.# #.#
##..#.⌠.⌠####. #.#
#.# ∆
#...#....##.## #.#
#.# #.#.#.._.#...8
#.# #...#....#...[


There were no monsters in sight!

Vanquished Creatures
  A hornet (D:7)
  A steam dragon (D:6)
  A sky beast (D:7)
  A black bear (D:5)
  An ice beast (D:7)
  6 ogres
  A centaur (D:6)
  A kobold brigand (D:7)
  A bullfrog (D:7)
  2 scorpions
  2 howler monkeys
  2 hounds
  A gnoll bouda (D:4)
  4 jellies
  2 orc priests (D:6)
  2 sleepcaps
  4 iguanas
  5 orc wizards
  5 gnolls (D:4)
  10 adders
  3 river rats (D:5)
  3 shadow imps
  2 white imps
  An ufetubus (D:6)
  5 worms
  2 dart slugs (D:2)
  13 orcs
  2 bats
  5 endoplasms
  3 giant cockroaches
  8 goblins
  3 hobgoblins
  2 jackals (D:3)
  6 kobolds
  A quokka (D:5)
  7 ball pythons
  A frilled lizard (D:3)
  8 rats
128 creatures vanquished.

Notes
Turn   | Place    | Note
-------+----------+-------------------------------------------
     0 | D:1      | Maratek the Gnoll Fighter began the quest for the Orb.
     0 | D:1      | Reached XP level 1. HP: 23/23 MP: 1/1
   246 | D:1      | Reached XP level 2. HP: 29/29 MP: 2/2
   338 | D:1      | Found a faded altar of an unknown god.
   352 | D:1      | Found a faded altar of an unknown god.
   826 | D:1      | Prayed at the altar of an unknown god.
   826 | D:1      | Became a worshipper of Trog the Wrathful
   826 | D:1      | Reached * piety under Trog
  1005 | D:2      | Reached XP level 3. HP: 35/35 MP: 3/3
  1152 | D:2      | Reached skill level 1 in Invocations
  1187 | D:2      | Reached skill level 1 in Short Blades
  1187 | D:2      | Reached skill level 1 in Long Blades
  1187 | D:2      | Reached skill level 1 in Maces & Flails
  1187 | D:2      | Reached skill level 1 in Polearms
  1187 | D:2      | Reached skill level 1 in Staves
  1187 | D:2      | Reached skill level 1 in Ranged Weapons
  1187 | D:2      | Reached skill level 1 in Throwing
  1187 | D:2      | Reached skill level 1 in Dodging
  1187 | D:2      | Reached skill level 1 in Stealth
  1187 | D:2      | Reached skill level 1 in Unarmed Combat
  1187 | D:2      | Reached skill level 1 in Spellcasting
  1187 | D:2      | Reached skill level 1 in Evocations
  1508 | D:3      | Reached XP level 4. HP: 41/41 MP: 5/5
  1513 | D:3      | Found Gudaj's Jewellery Shop.
  1525 | D:3      | Reached skill level 1 in Shapeshifting
  1602 | D:3      | Found Icviw's Jewellery Emporium.
  1626 | D:3      | Reached ** piety under Trog
  1659 | D:3      | Found Loasol's General Store.
  1928 | D:3      | Found Puamm's Book Boutique.
  1976 | D:3      | Found Efezo's Book Boutique.
  2416 | D:4      | Reached skill level 1 in Conjurations
  2416 | D:4      | Reached skill level 1 in Hexes
  2416 | D:4      | Reached skill level 1 in Summonings
  2416 | D:4      | Reached skill level 1 in Necromancy
  2416 | D:4      | Reached skill level 1 in Translocations
  2416 | D:4      | Reached skill level 1 in Transmutations
  2416 | D:4      | Reached skill level 1 in Fire Magic
  2416 | D:4      | Reached skill level 1 in Ice Magic
  2416 | D:4      | Reached skill level 1 in Air Magic
  2416 | D:4      | Reached skill level 1 in Earth Magic
  2416 | D:4      | Reached skill level 1 in Poison Magic
  2440 | D:4      | Reached XP level 5. HP: 45/47 MP: 5/7
  2589 | D:4      | Noticed an ogre
  2597 | D:4      | Killed an ogre
  2598 | D:4      | Reached XP level 6. HP: 20/53 MP: 8/8
  2671 | D:4      | Found a hide-covered altar of Uskayaw.
  2690 | D:4      | Reached skill level 5 in Axes
  2927 | D:4      | Reached XP level 7. HP: 28/60 MP: 10/10
  3212 | D:5      | Entered Level 5 of the Dungeon
  3251 | D:5      | Reached *** piety under Trog
  3314 | D:5      | Noticed rinqtmith's ghost (novice TrFi)
  3315 | D:5      | Found a runed translucent gate.
  3315 | D:5      | Found a runed translucent gate.
  3315 | D:5      | Found a runed translucent gate.
  3350 | D:5      | Found Xyxkow's Jewellery Shoppe.
  3445 | D:5      | Found Jiediff's Armour Boutique.
  3449 | D:5      | Found Moqoaloty's Book Boutique.
  3450 | D:5      | Found Sodez's Jewellery Boutique.
  3450 | D:5      | Found Hote's Weapon Boutique.
  3465 | D:5      | Reached XP level 8. HP: 67/67 MP: 10/12
  3734 | D:5      | Found a white marble altar of Elyvilon.
  4755 | D:6      | Reached **** piety under Trog
  4822 | D:6      | Found a bloodstained altar of Trog.
  4848 | D:6      | Found a staircase to the Ecumenical Temple.
  4927 | D:6      | Found Palepnetz's Antique Armour Shop.
  4981 | D:6      | Found an ornate altar of the Wu Jian Council.
  5251 | D:6      | Reached XP level 9. HP: 69/73 MP: 14/14
  5254 | D:6      | Identified a scroll of acquirement
  5254 | D:6      | Acquired 722 gold pieces
  5955 | D:5      | Bought the +3 leather armour of the Hall of Blades {Drain
                  | Str+6 Dex+3 Slay+5} for 583 gold pieces
  6262 | D:7      | Noticed a hornet
  6283 | D:7      | Found a shimmering altar of Xom.
  6291 | D:7      | Found a snail-covered altar of Cheibriados.
  6432 | D:5      | Bought the ring of the Durable Mango {Drain Str+6 Dex+6}
                  | for 650 gold pieces
  6746 | D:7      | Paralysed by a hornet for 1 turns
  6749 | D:7      | Killed a hornet
  6750 | D:7      | HP: 3/111 [poisoned by a hornet]
  6751 | D:7      | HP: 1/111 [poisoned by a hornet]
  6752 | D:7      | Succumbed to a hornet's poison

Illustrated notes

Levels and vault maps discovered:
D:1:      sevenhm_arrival_forest_fort_large_2, layout_rooms,
          hellmonk_ecumenical_altar_the_god_not_taken
D:2:      layout_basic
D:3:      layout_basic, serial_shops, shop, nicolae_shop_rolling_square, shop,
          shop, nicolae_shop_back_alley_shop
D:4:      layout_rooms, amcnicky_altar_gilded, grunt_ministairs_11,
          minmay_misc_feat_enclosed
D:5:      layout_basic, nicolae_elyvilon_peaceful_grove,
          lightli_sewer_entry_pipes, gammafunk_ghost_split, serial_shops,
          nicolae_shop_behind_doors, minmay_shop_grid_forest, minmay_door_square
D:6:      layout_basic, nzn_wu_jian_contemplation, trog_book,
          minmay_temple_entry_trees, serial_shops,
          nicolae_shop_pleasant_corner_grove, nicolae_houndstooth_variations
D:7:      layout_loops_ring, jmf_multi_god_temple, grunt_temple_overflow_open,
          uniq_pikel, uniq_maggie

Skill      XL: |  1  2  3  4  5  6  7  8  9 |
---------------+----------------------------+-----
Invocations    | 1 2 3 4 |  4.8
Short Blades   | 1 2 3 4 |  4.3
Long Blades    | 1 2 3 4 |  4.3
Maces & Flails | 1 2 3 4 |  4.3
Polearms       | 1 2 3 4 |  4.3
Staves         | 1 2 3 4 |  4.3
Ranged Weapons | 1 2 3 4 |  4.3
Throwing       | 1 2 3 4 |  4.3
Dodging        | 1 2 3 4 |  4.3
Stealth        | 1 2 3 4 |  4.3
Unarmed Combat | 1 2 3 4 |  4.3
Spellcasting   | 1 2 3 4 |  4.3
Evocations     | 1 2 3 4 |  4.3
Shapeshifting  | 1 2 3 |  3.9
Conjurations   | 1 2 3 |  3.5
Hexes          | 1 2 3 |  3.5
Summonings     | 1 2 3 |  3.5
Necromancy     | 1 2 3 |  3.5
Translocations | 1 2 3 |  3.5
Transmutations | 1 2 3 |  3.5
Fire Magic     | 1 2 3 |  3.5
Ice Magic      | 1 2 3 |  3.5
Air Magic      | 1 2 3 |  3.5
Earth Magic    | 1 2 3 |  3.5
Poison Magic   | 1 2 3 |  3.5
Axes           | 5 6 |  6.4
Fighting       | 7 |  7.9
Armour         | 7 |  7.9
Shields        | 7 |  7.9

Action                     |  1- 3 |  4- 6 |  7- 9 || total
---------------------------+-------+-------+-------++-------
  Melee: War axe           |    85 |   129 |   263 ||   477
         Bite              |     6 |    15 |    37 ||    58
 Invoke: Berserk           |       |     4 |     3 ||     7
    Use: Scroll            |       |     2 |     8 ||    10
   Stab: Sleeping          |       |       |     1 ||     1
 Armour: Scale mail        |    39 |    60 |    88 ||   187
         Leather armour    |       |       |    13 ||    13
  Dodge: Dodged            |    41 |    49 |   136 ||   226
  Block: Buckler           |    18 |    26 |    70 ||   114

Table legend: (Time is in decaauts)
 A = Elapsed time spent in this place.
 B = Non-inter-level travel time spent in this place.
 C = Inter-level travel time spent in this place.
 D = Time resting spent in this place.
 E = Time spent auto-exploring this place.
 F = Levels seen in this place.
 G = Mean time per level.
                   A        B        C        D        E       F      G
               +--------+--------+--------+--------+--------+-----+--------+
         Total |   6966 |   6086 |    880 |    328 |   4266 |   7 |  995.1 |
       Dungeon |   6966 |   6086 |    880 |    328 |   4266 |   7 |  995.1 |
               +--------+--------+--------+--------+--------+-----+--------+

Top non-repeatable levels by time:
     D:5: 1787 daAuts
     D:6: 1142 daAuts
     D:3: 1118 daAuts
     D:4: 931 daAuts
     D:1: 854 daAuts
     D:2: 653 daAuts
     D:7: 479 daAuts
